 Dungeon Crawl Stone Soup version 0.31-a0-870-g10ed682358 (webtiles) character file.

Game seed: 14095408932690641510

23526513 RepoMan the Shapeless Troll (level 27, 323/323 HPs)
             Began as a Troll Fighter on Oct 10, 2023.
             Was the Champion of Wu Jian.
             Escaped with the Orb
             ... and 15 runes on Oct 12, 2023!
             The game lasted 08:55:57 (64009 turns).

RepoMan the Shapeless Troll (Troll Fighter)        Turns: 64009, Time: 08:55:57

Health: 323/323    AC: 24    Str: 36    XL:     27
Magic:  22/22      EV: 19    Int:  8    God:    Wu Jian [******]
Gold:   9589       SH: 34    Dex: 25    Spells: 26/26 levels left

rFire   + +          .
                       - Unarmed
rCold   + + +        t - +8 tower shield {reflect}
rNeg    + + +        P - +5 storm dragon scales "Temnejea" {+Inv rElec rF+ Int-2}
rPois   ∞            q - +1 hat "Foduegha" {Regen+ Str+2}
rElec   +            N - scarf of the Furrier {+Inv, Rampage Regen+ Int+2 Dex+4}
rCorr   +            (gloves unavailable)
SInv    .            (boots unavailable)
Will    ++++.        T - amulet "Nood" {Spirit Regen+ rCorr} Stlth
                     p - ring "Reejo" {rElec rF+ rC+++ Str-4 Stlth-}
HPRegen 3.93/turn    X - ring of Departure {Drain Will+ Str+6 Dex+6}
MPRegen 0.18/turn

%: reflection, guardian spirit
@: death-form, studying 2 skills
A: vile attack, torment immunity, no potions, large, unfitting armour, claws 3,
regeneration 1, shaggy fur 1, tough skin 1
0: Orb of Zot
}: 15/15 runes: decaying, slimy, silver, golden, iron, obsidian, icy, bone,
abyssal, demonic, glowing, magical, fiery, dark, gossamer
a: Siphon Essence, Begin Untransformation, Renounce Religion, Evoke
Invisibility, Wall Jump, Serpent's Lash, Heavenly Storm


You escaped.
You worshipped Wu Jian.
Wu Jian was exalted by your worship.
You were an undying horror.
You visited 18 branches of the dungeon, and saw 86 of its levels.
You visited Pandemonium 1 time, and saw 10 of its levels.
You visited the Abyss 1 time.
You visited 1 ziggurat, and saw 9 of its levels.
You also visited: Trove, Bailey and Gauntlet.

You collected 12392 gold pieces.
You spent 2803 gold pieces at shops.

Inventory:

Hand Weapons
 u - the +13 sceptre of Asmodeus
   (You took it off Asmodeus on level 7 of Gehenna)

   Fire Summon: It may summon demons of flame and damnation when striking foes.
Missiles
 R - 180 large rocks (quivered)
Armour
 n - the +1 cloak of Starlight {*Dazzle EV+4 Stlth--}
   (You found it on level 7 of Tartarus)

   *Dazzle:   It may blind those who miss an attack against the wearer in melee
   combat.
   EV+4:      It affects your evasion (+4).
   Stlth--:   It makes you much less stealthy.
 q - the +1 hat "Foduegha" (worn) {Regen+ Str+2}
   (You acquired it in a bailey)

   Str+2:     It affects your strength (+2).
   Regen+:    It increases your rate of health regeneration.
 t - a +8 tower shield of reflection (worn)
 N - the scarf of the Furrier (worn) {+Inv, Rampage Regen+ Int+2 Dex+4}
   (You found it in a treasure trove)

   Int+2:     It affects your intelligence (+2).
   Dex+4:     It affects your dexterity (+4).
   Regen+:    It increases your rate of health regeneration.
   Rampage:   It bestows one free step when moving towards enemies.
 P - the +5 storm dragon scales "Temnejea" (worn) {+Inv rElec rF+ Int-2}
   (You found it in a treasure trove)

   Int-2:     It affects your intelligence (-2).
   rF+:       It protects you from fire.
   rElec:     It insulates you from electricity.
   +Inv:      It lets you turn invisible.
Jewellery
 p - the ring "Reejo" (left claw) {rElec rF+ rC+++ Str-4 Stlth-}
   (You found it on level 2 of the Vaults)

   [ring of protection from fire]

   Str-4:     It affects your strength (-4).
   rF+:       It protects you from fire.
   rC+++:     It renders you almost immune to cold.
   rElec:     It insulates you from electricity.
   Stlth-:    It makes you less stealthy.
 z - a ring of flight
 L - the ring of Qarapnam {Dex+3 SInv}
   (You acquired it in a bailey)

   [ring of see invisible]

   Dex+3:     It affects your dexterity (+3).
   SInv:      It lets you see invisible.
 T - the amulet "Nood" (around neck) {Spirit Regen+ rCorr}
   (You found it on level 5 of the Lair of Beasts)

   [amulet of guardian spirit]

   Spirit:    It causes incoming damage to be divided between your reserves of
   health and magic.
   Regen+:    It increases your rate of health regeneration.
   rCorr:     It protects you from acid and corrosion.
 X - the ring of Departure (right claw) {Drain Will+ Str+6 Dex+6}
   (You acquired it on level 1 of the Vaults)

   [ring of dexterity]

   Str+6:     It affects your strength (+6).
   Dex+6:     It affects your dexterity (+6).
   Will+:     It increases your willpower.
   Drain:     It drains your maximum health when unequipped.
Talismans
 w - a talisman of death (active)
 W - a dragon-blood talisman
Wands
 b - a wand of light (24)
 j - a wand of digging (23)
 v - a wand of mindburst (76)
 A - a wand of flame (85)
 C - a wand of roots (62)
 M - a wand of paralysis (39)
Scrolls
 i - 13 scrolls of fog
 l - 2 scrolls of enchant armour
 m - 5 scrolls of fear
 D - 4 scrolls of immolation
 F - 34 scrolls of teleportation
 H - 4 scrolls of blinking
 J - 8 scrolls of vulnerability
 O - a scroll of silence
 S - 9 scrolls of noise
 V - 10 scrolls of poison
 Z - 4 scrolls of butterflies
Potions
 c - 2 potions of might
 d - 13 potions of curing
 e - 12 potions of mutation
 f - 15 potions of heal wounds
 g - 8 potions of cancellation
 h - 5 potions of berserk rage
 o - a potion of resistance
 s - 11 potions of ambrosia
 x - 12 potions of lignification
 E - 3 potions of magic
 G - 7 potions of haste
 I - 12 potions of attraction
 K - 12 potions of brilliance
 Q - 6 potions of invisibility
 Y - 5 potions of enlightenment
Miscellaneous
 a - a phial of floods
 k - a figurine of a ziggurat
 y - the horn of Geryon
 B - a lightning rod (4/4)
 U - a phantom mirror


   Skills:
 O Level 27 Fighting
 - Level 13.3 Armour
 - Level 16.6 Dodging
 + Level 23.3 Shields
 O Level 27 Unarmed Combat
 - Level 13.3 Evocations
 O Level 27 Shapeshifting


You had 26 spell levels left.
You didn't know any spells.
Your spell library contained the following spells:

 Spells                   Type           Power      Damage    Failure   Level
 Foxfire                  Conj/Fire      0%         2x1d4     83%         1
 Freeze                   Ice            0%         1d3       83%         1
 Kiss of Death            Conj/Necr      0%         2d5       83%         1
 Necrotise                Necr           0%         1d4       83%         1
 Sandblast                Erth           0%         2d4       83%         1
 Shock                    Conj/Air       0%         1d3       83%         1
 Slow                     Hex            0%         N/A       83%         1
 Sting                    Tmut/Pois      0%         1d3       83%         1
 Summon Small Mammal      Summ           0%         N/A       83%         1
 Blink                    Tloc           0%         N/A       92%         2
 Call Imp                 Summ           0%         N/A       92%         2
 Cigotuvi's Dreadful Rot  Necr/Pois/Air  0%         N/A       92%         2
 Ensorcelled Hibernation  Hex/Ice        0%         N/A       92%         2
 Jinxbite                 Hex            0%         N/A       92%         2
 Lesser Beckoning         Tloc           0%         N/A       92%         2
 Momentum Strike          Conj/Tloc      0%         3d8       92%         2
 Passwall                 Tmut/Erth      0%         N/A       92%         2
 Poisonous Vapours        Pois/Air       0%         N/A       92%         2
 Searing Ray              Conj           0%         2d4       92%         2
 Static Discharge         Conj/Air       0%         2-2/arc   92%         2
 Sublimation of Blood     Necr           0%         N/A       92%         2
 Wereblood                Tmut           0%         N/A       92%         2
 Call Canine Familiar     Summ           0%         N/A       99%         3
 Confusing Touch          Hex            0%         N/A       99%         3
 Dazzling Flash           Conj/Hex       0%         N/A       99%         3
 Frozen Ramparts          Ice            0%         1d1       99%         3
 Hailstorm                Conj/Ice       0%         3d3       99%         3
 Ignite Poison            Fire/Tmut/Pois 0%         N/A       99%         3
 Inner Flame              Hex/Fire       0%         N/A       99%         3
 Mephitic Cloud           Conj/Pois/Air  0%         N/A       99%         3
 Sigil of Binding         Hex            0%         N/A       99%         3
 Stone Arrow              Conj/Erth      0%         3d7       99%         3
 Summon Guardian Golem    Hex/Summ       0%         N/A       99%         3
 Swiftness                Air            0%         N/A       99%         3
 Tukima's Dance           Hex            0%         N/A       99%         3
 Vampiric Draining        Necr           0%         2d6       99%         3
 Volatile Blastmotes      Fire/Tloc      0%         2d10      99%         3
 Airstrike                Air            0%         2d(0-16)  100%        4
 Anguish                  Hex/Necr       0%         N/A       100%        4
 Animate Armour           Summ/Erth      0%         N/A       100%        4
 Animate Dead             Necr           0%         N/A       100%        4
 Brom's Barrelling Bould  Conj/Erth      0%         2d3       100%        4
 Cause Fear               Hex            0%         N/A       100%        4
 Dimensional Bullseye     Hex/Tloc       0%         N/A       100%        4
 Dispel Undead            Necr           0%         3d6       100%        4
 Fulminant Prism          Conj/Hex       0%         3d5       100%        4
 Iskenderun's Mystic Bla  Conj/Tloc      0%         2d3       100%        4
 Leda's Liquefaction      Hex/Erth       0%         N/A       100%        4
 Manifold Assault         Tloc           0%         N/A       100%        4
 Olgreb's Toxic Radiance  Pois           0%         N/A       100%        4
 Passage of Golubria      Tloc           0%         N/A       100%        4
 Petrify                  Tmut/Erth      0%         N/A       100%        4
 Summon Lightning Spire   Summ/Air       0%         N/A       100%        4
 Vhi's Electric Charge    Tloc/Air       0%         N/A       100%        4
 Agony                    Necr           0%         N/A       100%        5
 Alistair's Intoxication  Tmut/Pois      0%         N/A       100%        5
 Arcjolt                  Conj/Air       0%         1d10      100%        5
 Fireball                 Conj/Fire      0%         3d3       100%        5
 Freezing Cloud           Conj/Ice/Air   0%         6-21      100%        5
 Irradiate                Conj/Tmut      0%         3d11      100%        5
 Lee's Rapid Deconstruct  Erth           0%         3d4*      100%        5
 Silence                  Hex/Air        0%         N/A       100%        5
 Summon Forest            Summ/Tloc      0%         N/A       100%        5
 Summon Mana Viper        Hex/Summ       0%         N/A       100%        5
 Yara's Violent Unravell  Hex/Tmut       0%         3d3       100%        5
 Bombard                  Conj/Erth      0%         9d1       100%        6
 Conjure Ball Lightning   Conj/Air       0%         3x3d6     100%        6
 Death Channel            Necr           0%         N/A       100%        6
 Eringya's Noxious Bog    Tmut/Pois      0%         4d6       100%        6
 Plasma Beam              Fire/Air       0%         2x1d10    100%        6
 Simulacrum               Ice/Necr       0%         N/A       100%        6
 Starburst                Conj/Fire      0%         6d3       100%        6
 Summon Cactus Giant      Summ           0%         N/A       100%        6
 Haunt                    Necr/Summ      0%         N/A       100%        7
 Malign Gateway           Summ/Tloc      0%         N/A       100%        7
 Ozocubu's Refrigeration  Ice            0%         4d7       100%        7
 Summon Hydra             Summ           0%         N/A       100%        7
 Borgnjor's Revivificati  Necr           0%         N/A       100%        8
 Discord                  Hex            0%         N/A       100%        8
 Disjunction              Tloc           0%         N/A       100%        8
 Ignition                 Fire           0%         3d3       100%        8
 Infestation              Necr           0%         N/A       100%        8
 Lehudib's Crystal Spear  Conj/Erth      0%         10d2      100%        8
 Maxwell's Capacitive Co  Air            0%         ∞         100%        8
 Summon Horrible Things   Summ           0%         N/A       100%        8
 Death's Door             Necr           0%         N/A       100%        9
 Dragon's Call            Summ           0%         N/A       100%        9
 Polar Vortex             Ice            0%         N/A       100%        9


Dungeon Overview and Level Annotations

Branches:
Dungeon (15/15)            Temple (1/1) D:4            Lair (5/5) D:11
  Swamp (4/4) Lair:2       Spider (4/4) Lair:2        Slime (5/5) Lair:4
    Orc (2/2) D:12            Elf (3/3) Orc:2        Vaults (5/5) D:13
  Crypt (3/3) Vaults:3       Tomb (3/3) Crypt:3      Depths (4/4) D:15
   Hell (visited)             Dis (7/7) Hell            Geh (7/7) Hell
    Coc (7/7) Hell            Tar (7/7) Hell            Zot (5/5) Depths:4
 Bailey (visited)         Gauntlet (visited)

Altars:
Ashenzari
Cheibriados
Dithmenos
Elyvilon
Fedhas
Gozag
Hepliaklqana
Kikubaaqudgha
Makhleb
Nemelex Xobeh
Okawaru
Qazlal
Ru
Sif Muna
Trog
Uskayaw
Vehumet
Wu Jian
Xom
Yredelemnul
Zin
The Shining One
Jiyva
Lugonu

Shops:
D:15 :   Orc:2 (*[=(   Elf:1 [   Elf:2 ((   Vaults:4 [[   Vaults:5 (
Depths:1 [   Depths:2 :*   Depths:4 ==:*

Portals:
Hell: Depths:1 Depths:2 Depths:3 Depths:4
Abyss: Depths:3
Pandemonium: Depths:2

Annotations:
D:1 Crazy Yiuf
D:7 exclusion: statue
Lair:4 2 transporters, Niar Sio's ghost, journeyman TrBe
Elf:3 3 runed translucent doors, Qasku's ghost, adept SpHu
Vaults:2 3 runed translucent doors, Heedrag's ghost, adept DsSh; MackTheFife's ghost, veteran HOGl
Tar:4 10 runed doors


Innate Abilities, Weirdness & Mutations

You are an undying horror.
Your melee and unarmed attacks drain, slow and weaken victims.
You are immune to unholy pain and torment.
You cannot drink.
You are immune to poison.
You are too large for most types of armour.
You have claws for hands.
Your natural rate of healing is unusually fast.
You are covered in fur. (AC +1)
You have tough skin. (AC +1)


Message History

Crazy Yiuf hits your butterfly with a +2 quarterstaff of chaos!
Crazy Yiuf freezes your butterfly.
Your butterfly dies!
Your butterfly disappears in a burst of colours!
Crazy Yiuf closely misses your butterfly.
Crazy Yiuf hits your butterfly with a +2 quarterstaff of chaos.
Your butterfly dies!
Your butterfly disappears in a burst of colours!
Crazy Yiuf barely misses your butterfly.
Crazy Yiuf hits your butterfly with a +2 quarterstaff of chaos!
Your butterfly dies!
Your butterfly disappears in a burst of colours!
Crazy Yiuf says, "Get me out of this place."
Crazy Yiuf closely misses your butterfly.
Crazy Yiuf completely misses your butterfly.
Crazy Yiuf misses your butterfly.
Your butterfly disappears in a burst of colours!
Crazy Yiuf completely misses your butterfly.
Crazy Yiuf misses your butterfly.
Your butterfly disappears in a burst of colours!
Crazy Yiuf says, "Wait for me!"
Crazy Yiuf barely misses your butterfly.
Crazy Yiuf closely misses your butterfly.
Crazy Yiuf misses your butterfly.
Your butterfly disappears in a burst of colours!
Crazy Yiuf completely misses your butterfly.
Crazy Yiuf barely misses your butterfly.
Your butterfly disappears in a burst of colours!
Crazy Yiuf completely misses your butterfly.
Your butterfly disappears in a burst of colours!
Crazy Yiuf barely misses your butterfly.
Your butterfly disappears in a burst of colours!
Crazy Yiuf says, "You came back for me."
Crazy Yiuf hits your butterfly with a +2 quarterstaff of chaos!
Your butterfly dies!
Your butterfly disappears in a burst of colours!
Unknown command.
Your butterfly disappears in a burst of colours!
You block Crazy Yiuf's attack.
You have escaped!

#.......###### #######..##......
#.........##.###.#...#.###......
#......##.#..#...#.#...# ##.####
#......#....##.###.##### #....#
#####.##.##b#....#....## #.....
#.##......#bb#.##..# #.....
#.#######b#b.#..#### ##....
#.##..#..bgb###...# #....
#.###.#..bbzb...#.## #.... #.#
#..b###bb...#..# #....
#.#####..#.b######## #....
#.##..##.#..#......# #....
#.###....#....#.##.# #....
#.######.###.##.#..# ###....
#.##...#.#...#..#.####......
#.##.#...#.###.##......###.#
#....####### ######..### #..


You could see Crazy Yiuf (ally target).

Vanquished Creatures
  Cerebov (Pan)
  Antaeus (Coc:7)
  the Royal Jelly (Slime:5)
  Ereshkigal (Tar:7)
  Gloorx Vloq (Pan)
  the Serpent of Hell (Dis:7)
  Mnoleg (Pan)
  Lom Lobon (Pan)
  3 dread liches
  Dispater (Dis:7)
  6 ancient liches
  3 pandemonium lords
  Mara (Spider:4)
  27 royal mummies
  4 orbs of fire (Zot:5)
  3 juggernauts (Dis:7)
  The ghost of Beach the Warrior, a veteran GrFi of the Shining One (Crypt:2)
  10 shard shrikes
  Bai Suzhen (Swamp:4)
  The ghost of Luec the Sorcerer, a veteran DjFE of Hepliaklqana (Depths:1)
  Parghit (Zot:2)
  6 Killer Klowns
  Frederick (Vaults:4)
  3 curse toes
  Saint Roka (Orc:2)
  Xtahua (Crypt:1)
  Geryon (Hell)
  8 golden dragons
  15 caustic shrikes
  11 bone dragons
  14 profane servitors
  Nikola (Swamp:4)
  16 Tzitzimimeh
  7 doom hounds
  15 hellephants
  4 electric golems
  10 Brimstone Fiends
  31 tentacled monstrosities
  4 iron giants
  A spectral shard shrike (Tar:3)
  24 Orb Guardians (Zot:5)
  A walking crystal tome (Zig:5)
  14 Hell Sentinels
  16 Ice Fiends
  6 liches
  A walking earthen tome (Depths:4)
  Grunn (Crypt:2)
  17 tainted leviathans
  Asterion (Vaults:2)
  26 ancient champions
  14 sphinxes
  2 deep elf master archers (Elf:3)
  A deep elf blademaster (Elf:3)
  2 quicksilver dragons
  9 searing wretches
  12 titans
  17 Executioners (Pan)
  7 death cobs
  20 acid blobs
  A tentacled starspawn (Zig:6)
  An eldritch tentacle (Pan)
  Kirke (D:14)
  Aizul (Swamp:4)
  12 shadow dragons
  3 thorn hunters
  8 tengu reavers
  9 storm dragons
  A daeva (Zig:5)
  6 narguns
  3 draconian monks
  A revenant (Tomb:3)
  11 azure jellies
  21 fire giants
  5 demonspawn warmongers (Pan)
  19 rockslimes
  5 draconian knights
  12 quicksilver elementals
  3 emperor scorpions
  2 spectral juggernauts
  6 spectral caustic shrikes
  10 deep elf sorcerers
  7 ghost moths
  12 frost giants
  14 vault wardens
  6 iron dragons
  6 draconian scorchers
  6 shard shrike simulacra
  7 draconian shifters
  3 curse skulls
  4 deep elf elementalists
  13 ghouls
  13 quicksilver oozes
  6 draconian stormcallers
  14 reapers
  An angel (Depths:2)
  3 demonspawn blood saints (Pan)
  40 very ugly things
  9 cacodemons (Pan)
  5 orc warlords
  A spriggan defender (Depths:2)
  11 ironbound thunderhulks
  27 balrugs
  4 demonspawn corrupters
  36 war gargoyles
  17 ironbound preservers
  2 caustic shrike skeletons
  A formless jellyfish (Vaults:1)
  A broodmother (Spider:4)
  4 draconian annihilators
  7 vampire knights
  6 black draconians
  5 green draconians
  2 juggernaut skeletons
  21 stone giants
  35 putrid mouths
  4 deep elf demonologists
  10 elemental wellsprings
  8 bennus
  A lorocyproca (Pan)
  3 dire elephants (Vaults:2)
  2 eleionomae
  3 demonspawn black suns
  13 red draconians
  5 purple draconians
  5 bunyips
  2 minotaurs
  A spectral titan (Tar:1)
  5 yellow draconians
  17 spark wasps
  19 deep elf annihilators
  12 white draconians
  11 wendigos
  Snorg (D:10)
  5 eidola
  9 green deaths (Pan)
  5 crystal guardians
  9 deep elf death magi
  21 ettins
  12 iron golems
  30 mummy priests
  6 statues (Depths:3)
  9 blizzard demons
  6 jiangshi
  An acid blob zombie (Crypt:1)
  8 great orbs of eyes
  5 deep elf high priests
  13 yaktaur captains
  2 rakshasas (Depths:2)
  3 fire dragons
  A shambling mangrove (Swamp:4)
  2 spriggan zombies
  3 entropy weavers
  A quicksilver dragon zombie (Tomb:2)
  6 peacekeepers
  A spectral shadow dragon (Tar:1)
  5 spectral spriggans
  33 vault guards
  23 hydras
  10 ice dragons
  2 fenstrider witch zombies
  5 spriggan skeletons
  21 salamander tyrants
  7 caustic shrike simulacra
  5 spriggan air magi
  3 ghost crabs
  A jorogumo (Spider:3)
  7 alligators
  A radroach (Spider:1)
  3 juggernaut simulacra
  7 stokers
  39 hell hogs
  6 boulder beetles
  4 deep troll shamans
  An ogre mage (Vaults:5)
  15 centaur warriors
  11 ironbound frosthearts
  2 death knights (Vaults:3)
  5 two-headed ogres
  A naga warrior (Crypt:2)
  A spectral stone giant (Tar:2)
  5 tengu warriors
  A titan zombie (Tomb:1)
  10 spriggan berserkers
  5 death yaks (Lair:4)
  A two-headed ogre (shapeshifter) (Vaults:5)
  3 thrashing horrors
  27 dancing weapons
  8 deep troll earth magi
  3 vampire magi
  78 death scarabs
  2 spectral dire elephants
  13 demonic crawlers
  18 deep elf knights
  28 hell knights
  3 orc high priests
  3 shock serpents (Pan)
  A storm dragon zombie (Hell)
  A wretched star (Zig:6)
  7 crystal echidnas (Dis:7)
  43 sun demons
  A titan skeleton (Pan)
  Amaemon (D:8)
  3 skysharks (Lair:5)
  A golden dragon zombie (Crypt:1)
  5 sixfirhies (Pan)
  4 sun moths
  21 soul eaters
  28 skeletal warriors
  A fire crab (Gauntlet)
  3 pharaoh ants
  14 iron trolls
  4 orb spiders
  2 spectral anacondas (Tar:2)
  6 quicksilver dragon simulacra
  A spectral hydra (Tar:7)
  39 shadow wraiths
  50 deep trolls
  An obsidian statue (Vaults:4)
  2 shadow demons (Pan)
  6 goliath frogs
  6 spriggan druids
  A storm dragon skeleton (Pan)
  A spriggan simulacrum (Tomb:3)
  12 swamp dragons
  2 bunyip skeletons
  5 flayed ghosts
  11 deep elf archers
  6 glowing orange brains
  18 ironbound convokers
  13 lindwurms
  An iron dragon zombie (Hell)
  An anaconda skeleton (Hell)
  14 wizards
  16 bog bodies
  A golden dragon skeleton (Hell)
  3 harpies (Vaults:2)
  36 deep elf pyromancers
  21 deep elf zephyrmancers
  7 phantasmal warriors
  An iron giant skeleton (Crypt:3)
  4 steelbarb worms
  9 orc knights
  A human zombie (Vaults:4)
  20 necromancers
  2 stone giant zombies
  2 wolf spiders (shapeshifter) (Vaults:5)
  6 manticores
  65 ugly things
  8 orc sorcerers
  2 worldbinders
  A tengu skeleton (Crypt:3)
  An iron dragon skeleton (Hell)
  3 shining eyes
  A dire elephant zombie (Hell)
  A shadow dragon skeleton (Hell)
  20 moths of wrath
  24 wolf spiders
  A frost giant skeleton (Vaults:5)
  5 will-o-the-wisps
  9 cyclopes
  A moth of wrath (shapeshifter) (Vaults:5)
  2 naga zombies
  An alligator skeleton (Crypt:2)
  A cyclops (shapeshifter) (Depths:1)
  2 centaur zombies (Hell)
  Joseph (D:7)
  An apocalypse crab (Zig:6)
  An ice statue (Hell)
  3 elephants (Lair:3)
  23 smoke demons
  28 vault sentinels
  4 titan simulacra
  16 cane toads
  2 black mambas (Lair:5)
  A draconian skeleton (Hell)
  8 molten gargoyles
  9 rust devils
  An unseen horror (shapeshifter) (Elf:2)
  6 torpor snails
  12 orange demons
  An emperor scorpion simulacrum (Coc:1)
  A catoblepas zombie (Crypt:1)
  4 eyes of devastation
  Psyche (D:11)
  A centaur skeleton (Crypt:3)
  Jeremiah (D:8)
  36 hellions
  2 kobold demonologists
  5 rime drakes
  3 gargoyles
  A dire elephant skeleton (Crypt:3)
  A sea snake zombie (Hell)
  18 yaktaurs
  2 spectral harpies
  7 unseen horrors
  6 freezing wraiths
  A swamp worm zombie (Crypt:1)
  9 efreet (Pan)
  7 komodo dragons
  5 ancient zymes
  12 tengu conjurers
  2 alligator snapping turtle skeletons
  An orc skeleton (Pan)
  3 anaconda simulacra
  2 hydra zombies (Hell)
  A queen bee (D:11)
  2 red devils (Pan)
  2 golden dragon simulacra
  46 guardian mummies
  4 iron giant simulacra
  15 tormentors
  A sea snake skeleton (Crypt:1)
  A harpy zombie (Tomb:3)
  25 large abominations
  9 trolls
  2 silent spectres
  3 meliai (D:14)
  21 hornets
  3 hydra skeletons (Hell)
  25 tarantellas
  An alligator simulacrum (Hell)
  A raiju (Zig:6)
  15 hellwings
  A polar bear (Lair:4)
  A tarantella (shapeshifter) (Vaults:5)
  3 iron dragon simulacra
  8 tyrant leeches
  2 harpy skeletons
  2 fire dragon zombies (Crypt:3)
  A stone giant simulacrum (Coc:1)
  14 blink frogs
  114 slime creatures
  An ettin zombie (Crypt:3)
  19 jumping spiders
  A centaur simulacrum (D:11)
  2 human simulacra (Vaults:5)
  An ettin skeleton (Abyss:3)
  9 ynoxinuls
  A shadow (D:13)
  23 spriggans
  47 flying skulls
  An air elemental (Elf:2)
  54 yaks
  21 culicivoras
  5 wyverns
  6 dire elephant simulacra
  17 ushabtiu
  5 wraiths
  3 vampires
  9 starcursed masses
  2 naga simulacra
  2 water elementals (Hell)
  6 fire bats
  4 fire elementals
  5 hogs (D:14)
  2 basilisks
  A human (shapeshifter) (D:15)
  2 chaos spawn (Pan)
  A sea snake simulacrum (Hell)
  19 golden eyes (Pan)
  18 humans (D:13)
  43 redbacks
  25 vampire mosquitoes
  18 neqoxecs
  A demonspawn zombie (Crypt:3)
  18 swamp worms
  A glowing shapeshifter zombie (Vaults:4)
  6 wargs
  5 hell hounds (Depths:1)
  12 harpy simulacra
  11 water moccasins
  6 floating eyes
  3 glowing shapeshifter skeletons
  A fire bat skeleton (Crypt:1)
  3 ice beasts (D:7)
  62 orc warriors
  12 swamp drakes
  A swamp dragon zombie (Tomb:3)
  3 ettin simulacra
  5 black bears
  9 centaurs
  8 ogres
  25 wolves
  5 kobold brigands
  2 phantoms
  4 earth elementals
  11 bullfrogs
  14 human skeletons
  6 necrophages
  An elf zombie (Crypt:1)
  4 scorpions
  A wyvern zombie (Crypt:2)
  A cyclops skeleton (Crypt:1)
  14 wights
  A small abomination (Abyss:1)
  A queen bee zombie (Crypt:1)
  29 killer bees (D:11)
  14 electric eels
  2 howler monkeys
  6 jellies
  7 hounds
  15 orc priests
  3 gnoll boudas
  4 iguanas
  A sleepcap (D:7)
  27 orc wizards
  5 hell rats (Hell)
  A naga skeleton (Crypt:1)
  38 mummies
  11 gnolls
  8 adders
  A white imp (D:7)
  An ufetubus (D:5)
  100 orcs
  3 bats
  5 giant cockroaches
  18 goblins
  20 hobgoblins
  13 jackals
  15 kobolds
  4 quokkas
  4 ball pythons
  6 frilled lizards
  A quokka skeleton (Crypt:1)
  3 rats
  4 creeping infernos
  9 fire vortices
  A lurking horror (Abyss:3)
  2 spectral weapons
  A starspawn tentacle (Zig:6)
3803 creatures vanquished.

Vanquished Creatures (collateral kills)
  Asmodeus (Geh:7)
  A hydra (D:14)
  An ugly thing (D:14)
  An orc warrior (Orc:2)
  2 orcs (Orc:2)
6 creatures vanquished.

Vanquished Creatures (others)
  An eldritch tentacle (Depths:1)
  2 shard shrike simulacra (Coc:7)
  2 elemental wellsprings
  A fire dragon (Depths:2)
  A quicksilver dragon simulacrum (Coc:7)
  A golden dragon simulacrum (Coc:7)
  2 iron giant simulacra (Coc:7)
  2 bloated husks (Swamp:3)
  4 vampire mosquitoes (Swamp:3)
  A harpy simulacrum (Coc:7)
  A hell rat (Hell)
  A goblin (Bailey)
  2 creeping infernos (Geh:7)
  A fire vortex (Pan)
  17 foxfires
  3 starspawn tentacles
42 creatures vanquished.

Grand Total: 3851 creatures vanquished

Notes
Turn   | Place    | Note
-------+----------+-------------------------------------------
     0 | D:1      | RepoMan the Troll Fighter began the quest for the Orb.
     0 | D:1      | Reached XP level 1. HP: 22/22 MP: 0/0
   273 | D:1      | Reached XP level 2. HP: 29/29 MP: 1/1
   802 | D:2      | Reached XP level 3. HP: 36/36 MP: 2/2
  1241 | D:2      | Reached XP level 4. HP: 44/44 MP: 3/3
  1437 | D:2      | Found a runed translucent door.
  1438 | D:2      | Noticed Crazy Yiuf
  1627 | D:3      | Found a snail-covered altar of Cheibriados.
  1927 | D:3      | You fall into a shaft and drop 1 floor!
  1937 | D:4      | Found a staircase to the Ecumenical Temple.
  1942 | Temple   | Entered the Ecumenical Temple
  1963 | Temple   | Became a worshipper of the Wu Jian Council
  2055 | D:4      | Reached XP level 5. HP: 50/53 MP: 4/4
  2084 | D:4      | Noticed a black bear
  2088 | D:4      | Killed a black bear
  2089 | D:4      | Reached XP level 6. HP: 61/61 MP: 5/5
  2146 | D:4      | Reached skill level 5 in Unarmed Combat
  2363 | D:4      | Identified the +7 flail of Dissolution {freeze, Will+}
  3081 | D:4      | Reached * piety under Wu Jian
  3088 | D:4      | Reached XP level 7. HP: 62/68 MP: 6/6
  3235 | D:5      | Entered Level 5 of the Dungeon
  3875 | D:6      | Found a glowing golden altar of the Shining One.
  3900 | D:6      | Reached skill level 5 in Shields
  3900 | D:6      | Reached XP level 8. HP: 50/79 MP: 7/7
  4057 | D:6      | Identified the +5 falchion "Grum" {drain, *Rage rC+ Str+2}
  4351 | D:7      | Found an opulent altar of Gozag.
  4398 | D:7      | Found a radiant altar of Vehumet.
  4484 | D:7      | Reached skill level 5 in Fighting
  4585 | D:7      | Noticed Joseph
  4596 | D:7      | Killed Joseph
  4749 | D:7      | Reached ** piety under Wu Jian
  4833 | D:7      | Reached XP level 9. HP: 88/88 MP: 8/8
  5141 | D:7      | Killed an unseen horror
  5569 | D:8      | Reached skill level 10 in Unarmed Combat
  5607 | D:8      | Reached XP level 10. HP: 100/100 MP: 9/9
  5731 | D:8      | Noticed Jeremiah
  5781 | D:8      | Killed Jeremiah
  5856 | D:8      | Noticed Amaemon
  5859 | D:8      | Noticed an orange demon
  5875 | D:8      | Killed Amaemon
  5884 | D:8      | Killed an orange demon
  5980 | D:8      | Found a burning altar of Makhleb.
  5982 | D:8      | Found a white marble altar of Elyvilon.
  6764 | D:9      | Reached *** piety under Wu Jian
  7135 | D:9      | Reached skill level 5 in Dodging
  7405 | D:10     | Entered Level 10 of the Dungeon
  7415 | D:10     | Noticed a two-headed ogre
  7529 | D:10     | Noticed a two-headed ogre
  7532 | D:10     | Killed a two-headed ogre
  7533 | D:10     | Reached XP level 11. HP: 109/109 MP: 10/10
  7562 | D:10     | Noticed Snorg
  7585 | D:10     | Killed Snorg
  7695 | D:10     | Found a flagged portal.
  7703 | Bailey   | Entered a bailey
  7796 | Bailey   | Reached **** piety under Wu Jian
  8070 | Bailey   | Found an iron altar of Okawaru.
  8070 | Bailey   | Noticed an orc high priest
  8083 | Bailey   | Killed an orc high priest
  8138 | Bailey   | Identified the +0 ring mail "Xadeoty" {rC++}
  8255 | Bailey   | Acquired the ring of Qarapnam {Dex+3 SInv}
  8259 | Bailey   | Acquired the +1 hat "Foduegha" {Regen+ Str+2}
  8651 | D:10     | Killed a two-headed ogre
  8689 | D:11     | Noticed Psyche
  8690 | D:11     | Noticed a red ugly thing
  8697 | D:11     | Killed Psyche
  8718 | D:11     | Killed a red ugly thing
  9103 | D:11     | Reached XP level 12. HP: 108/120 MP: 11/11
  9174 | D:11     | Found a staircase to the Lair.
  9253 | D:11     | Noticed a boulder beetle
  9263 | D:11     | Killed a boulder beetle
  9321 | D:11     | Noticed a boulder beetle
  9333 | D:11     | Noticed a boulder beetle
  9337 | D:11     | Killed a boulder beetle
  9361 | D:11     | Noticed a two-headed ogre
  9369 | D:11     | Killed a two-headed ogre
  9417 | D:11     | Killed a boulder beetle
  9496 | D:11     | Noticed a two-headed ogre
  9500 | D:11     | Killed a two-headed ogre
 10002 | D:12     | Noticed a centaur warrior
 10037 | Lair:1   | Entered Level 1 of the Lair of Beasts
 10672 | Lair:2   | Reached ***** piety under Wu Jian
 10899 | Lair:2   | Reached XP level 13. HP: 131/131 MP: 12/12
 10906 | Lair:2   | Found a hole to the Spider Nest.
 10914 | Lair:2   | Reached skill level 10 in Shields
 11123 | Lair:2   | Found a staircase to the Swamp.
 11804 | Lair:3   | Reached skill level 15 in Unarmed Combat
 12870 | Lair:4   | Found a transporter.
 13025 | Lair:4   | Noticed Niar Sio's ghost (journeyman TrBe)
 13281 | Lair:4   | Found a transporter.
 13294 | Lair:4   | Found a staircase to the Slime Pits.
 13516 | Lair:4   | Found a bloodstained altar of Trog.
 13627 | Lair:5   | Entered Level 5 of the Lair of Beasts
 13647 | Lair:5   | Reached skill level 10 in Fighting
 13709 | Lair:5   | Reached ****** piety under Wu Jian
 13786 | Lair:5   | Reached XP level 14. HP: 143/143 MP: 13/13
 14230 | Lair:5   | Identified the amulet "Nood" {Spirit Regen+ rCorr}
 15119 | D:12     | Found a staircase to the Orcish Mines.
 15558 | Orc:1    | Entered Level 1 of the Orcish Mines
 15558 | Orc:1    | Noticed an orc warlord
 15572 | Orc:1    | Killed an orc warlord
 15725 | Orc:2    | Entered Level 2 of the Orcish Mines
 15725 | Orc:2    | Found Amilanny's Weapon Shoppe.
 15725 | Orc:2    | Found a staircase to the Elven Halls.
 15748 | Orc:2    | Noticed an orc warlord
 15767 | Orc:2    | Killed an orc warlord
 15811 | Orc:2    | Noticed Saint Roka
 15820 | Orc:2    | Killed Saint Roka
 15830 | Orc:2    | Found Ywuqi's Antique Armour Boutique.
 15839 | Orc:2    | Found Cola's Jewellery Boutique.
 15849 | Orc:2    | Found Viapne's Antique Weapon Boutique.
 15892 | Orc:2    | Found Wof Ban's General Store.
 15946 | Orc:2    | Bought a ring of willpower for 375 gold pieces
 15962 | Orc:2    | Bought a scroll of fog for 68 gold pieces
 15962 | Orc:2    | Bought a potion of cancellation for 136 gold pieces
 15962 | Orc:2    | Bought a wand of light (5) for 357 gold pieces
 15962 | Orc:2    | Bought a potion of invisibility for 136 gold pieces
 15983 | Orc:2    | Bought an embroidered cloak for 255 gold pieces
 16171 | Orc:2    | Reached XP level 15. HP: 152/152 MP: 14/14
 17018 | D:13     | Reached skill level 1 in Shapeshifting
 17337 | D:13     | Found a gate to the Vaults.
 17668 | D:14     | Reached skill level 5 in Shapeshifting
 17807 | D:14     | Found a blossoming altar of Fedhas.
 18278 | D:14     | Noticed Kirke
 18291 | D:14     | Killed Kirke
 18342 | D:14     | Found a basalt altar of Yredelemnul.
 18715 | D:15     | Entered Level 15 of the Dungeon
 18750 | D:15     | Found Wuex Bee's Book Shoppe.
 18762 | D:15     | Found a gate leading to a gauntlet.
 18770 | Gauntlet | Entered a Gauntlet
 18770 | Gauntlet | Found a transporter.
 18773 | Gauntlet | Found a transporter.
 18775 | Gauntlet | Found a transporter.
 18794 | Gauntlet | Found a transporter.
 18795 | Gauntlet | Found a transporter.
 18805 | Gauntlet | Found a transporter.
 18819 | Gauntlet | Found a transporter.
 18827 | Gauntlet | Found a runed translucent door.
 18834 | Gauntlet | Found a transporter.
 18841 | Gauntlet | Found a transporter.
 18848 | Gauntlet | Found a transporter.
 18848 | Gauntlet | Found a transporter.
 18871 | Gauntlet | Found a transporter.
 18878 | Gauntlet | Found a transporter.
 18972 | Gauntlet | Identified the +2 cloak of Proximity {Str+2}
 19375 | D:15     | Paralysed by a great orb of eyes for 5 turns
 19382 | D:15     | Reached XP level 16. HP: 136/162 MP: 12/15
 19684 | D:15     | Found a staircase to the Depths.
 20026 | Spider:1 | Entered Level 1 of the Spider Nest
 20149 | Spider:1 | Reached skill level 10 in Shapeshifting
 22372 | Spider:4 | Entered Level 4 of the Spider Nest
 22697 | Spider:4 | Noticed Mara
 22702 | Spider:4 | Killed Mara
 23058 | Spider:4 | Reached XP level 17. HP: 172/172 MP: 13/16
 23541 | Spider:4 | Got a gossamer rune of Zot
 23818 | Swamp:1  | Entered Level 1 of the Swamp
 24967 | Swamp:2  | Reached skill level 1 in Evocations
 25568 | Swamp:3  | Identified the +0 flail of Righteous Fury {heavy, Will++}
 25860 | Swamp:4  | Entered Level 4 of the Swamp
 25892 | Swamp:4  | Noticed Aizul
 25902 | Swamp:4  | Killed Aizul
 26223 | Swamp:4  | Reached XP level 18. HP: 158/184 MP: 12/17
 26289 | Swamp:4  | Noticed Bai Suzhen
 26551 | Swamp:4  | Killed Bai Suzhen
 26846 | Swamp:4  | Got a decaying rune of Zot
 26925 | Swamp:4  | Noticed Nikola
 26935 | Swamp:4  | Killed Nikola
 27373 | Elf:1    | Entered Level 1 of the Elven Halls
 27833 | Elf:1    | Found Odicen's Armour Shoppe.
 28267 | Elf:2    | Found Efumogu's Weapon Boutique.
 28290 | Elf:2    | Identified the ring "Uzosiar" {rElec rPois Will- SInv}
 28323 | Elf:2    | Found Veothes's Weapon Shop.
 28544 | Elf:2    | Found a huge runed translucent gate.
 28544 | Elf:2    | Found a huge runed translucent gate.
 28544 | Elf:2    | Found a huge runed translucent gate.
 28544 | Elf:2    | Found a huge runed translucent gate.
 28546 | Elf:2    | Found a huge runed translucent gate.
 29073 | Elf:3    | Entered Level 3 of the Elven Halls
 29410 | Elf:3    | Found a runed translucent gate.
 29410 | Elf:3    | Found a runed translucent gate.
 29410 | Elf:3    | Found a runed translucent gate.
 29410 | Elf:3    | Noticed a tentacled monstrosity
 29411 | Elf:3    | Noticed a tentacled monstrosity
 29413 | Elf:3    | Noticed a tentacled monstrosity
 29525 | Elf:3    | Reached XP level 19. HP: 189/195 MP: 16/18
 29533 | Elf:3    | Identified the +10 broad axe of Mebracw {heavy, +Blink
                  | Will+ SInv}
 29555 | Elf:3    | Reached skill level 5 in Evocations
 29574 | Elf:3    | Identified the ring of Greed {Str+2 SInv}
 29608 | Elf:3    | Found the +7 sceptre of Torment {pain, torment}
 29676 | Elf:3    | Identified the +0 robe of Ephior {-Cast rPois SInv}
 29799 | Elf:3    | Got a rare book
 30013 | Elf:3    | Found a runed translucent gate.
 30013 | Elf:3    | Found a runed translucent gate.
 30020 | Elf:3    | Noticed Qasku's ghost (adept SpHu)
 30024 | Elf:3    | Found a runed translucent gate.
 30231 | Vaults:1 | Entered Level 1 of the Vaults
 30568 | Vaults:1 | Reached skill level 15 in Shields
 30680 | Vaults:1 | Paralysed by a formless jellyfish for 1 turns
 30818 | Vaults:1 | Acquired the ring of Departure {Drain Will+ Str+6 Dex+6}
 31063 | Vaults:1 | Reached XP level 20. HP: 194/206 MP: 15/19
 31678 | Vaults:2 | Noticed Asterion
 31692 | Vaults:2 | Killed Asterion
 32236 | Vaults:2 | Found a runed translucent gate.
 32236 | Vaults:2 | Found a runed translucent gate.
 32236 | Vaults:2 | Found a runed translucent gate.
 32237 | Vaults:2 | Noticed Heedrag's ghost (adept DsSh)
 32237 | Vaults:2 | Noticed MackTheFife's ghost (veteran HOGl)
 32694 | Vaults:2 | Identified the ring "Reejo" {rElec rF+ rC+++ Str-4 Stlth-}
 33271 | Vaults:3 | Found a staircase to the Crypt.
 33987 | Vaults:4 | Reached XP level 21. HP: 212/217 MP: 17/20
 34162 | Vaults:4 | Found Lishri's Armour Shop.
 34321 | Vaults:4 | Reached skill level 15 in Fighting
 34580 | Vaults:4 | Noticed Frederick
 34585 | Vaults:4 | Killed Frederick
 34610 | Vaults:4 | Found Gysydynt's Armour Shoppe.
 34619 | Vaults:4 | Bought the +3 crown of Dyrovepreva {rElec Int+2 SInv} for
                  | 993 gold pieces
 34619 | Vaults:4 | Found the +3 crown of Dyrovepreva {rElec Int+2 SInv}
 35180 | Depths:1 | Entered Level 1 of the Depths
 35184 | Depths:1 | Upgraded the game from 0.31-a0-859-g9dce7d3444 to
                  | 0.31-a0-867-g9b2fd80f0c
 35304 | Depths:1 | Reached skill level 15 in Shapeshifting
 35551 | Depths:1 | Found a gateway to Hell.
 35763 | Depths:1 | Found a glowing silver altar of Zin.
 35827 | Depths:1 | Found Hullilon's Antique Armour Emporium.
 35836 | Depths:1 | Found a runed translucent gate.
 35836 | Depths:1 | Found a runed translucent gate.
 35836 | Depths:1 | Found a runed translucent gate.
 35838 | Depths:1 | Noticed Luec's ghost (veteran DjFE)
 35841 | Depths:1 | Identified the ring "Xiskixki" {rC+ rN+}
 35843 | Depths:1 | Found a viscous altar of Jiyva.
 36187 | Depths:1 | Killed Luec's ghost
 36215 | Depths:1 | Identified the ring of the Slashing Gods {MP+9 Dex+3}
 36496 | Depths:3 | Reached XP level 22. HP: 196/227 MP: 16/21
 36520 | Depths:3 | Identified the +7 demon blade "Doriocze" {flame, *Slow
                  | Str+4 Dex+2}
 36631 | Depths:2 | Found Wiapp's General Store.
 36631 | Depths:2 | Found Suantonucw's Book Shop.
 36645 | Depths:2 | Bought a potion of resistance for 210 gold pieces
 36645 | Depths:2 | Bought a scroll of teleportation for 63 gold pieces
 36645 | Depths:2 | Bought a potion of haste for 210 gold pieces
 36661 | Depths:2 | Found a one-way gateway to a ziggurat.
 37225 | Depths:2 | Found a one-way gate leading to the halls of Pandemonium.
 37546 | Depths:3 | Noticed a golden dragon
 37561 | Depths:3 | Killed a golden dragon
 37700 | Depths:3 | Found a corrupted altar of Lugonu.
 37701 | Depths:3 | Found a one-way gate to the infinite horrors of the Abyss.
 37749 | Depths:3 | Found a glowing silver altar of Zin.
 37764 | Depths:3 | You fall into a shaft and drop 1 floor!
 37764 | Depths:4 | Entered Level 4 of the Depths
 37764 | Depths:4 | Found a portal to a secret trove of treasure.
 37786 | Depths:4 | Paralysed by a floating eye for 2 turns
 38279 | Depths:3 | Found a radiant altar of Vehumet.
 38279 | Depths:3 | Noticed an ancient lich
 38283 | Depths:3 | Killed an ancient lich
 38300 | Depths:3 | Identified the +0 leather armour of the Buccaneer {Harm
                  | *Corrode Int+2}
 38649 | Depths:4 | Noticed a golden dragon
 38716 | Depths:4 | Killed a golden dragon
 38776 | Depths:4 | Reached XP level 23. HP: 207/235 MP: 14/22
 38781 | Depths:4 | Found Cinamaz's Neck Hole.
 38811 | Depths:4 | Found Plog's Jewellery Emporium.
 38818 | Depths:4 | Found Lethogir's Book Boutique.
 38820 | Depths:4 | Found Seitooqu's Jewellery Emporium.
 38854 | Depths:4 | Found a gate to the Realm of Zot.
 39164 | Depths:4 | Found a sparkling altar of Nemelex Xobeh.
 39352 | Trove    | Entered a treasure trove
 39357 | Trove    | Found the +5 robe of Night {Dark Will+ SInv}
 39362 | Trove    | Identified the scarf of the Furrier {+Inv, Rampage Regen+
                  | Int+2 Dex+4}
 39364 | Trove    | Identified the +0 cloak of Bucoat {Harm rElec rCorr}
 39372 | Trove    | Identified the scarf "Lelechao" {harm, Str-3 Dex+4 Stlth+}
 39376 | Trove    | Identified the +1 tower shield of Decaying Birdsong {Harm}
 39377 | Trove    | Identified the scarf of Nulemi {+Inv, -Cast rN+ Str+7
                  | Dex+4}
 39380 | Trove    | Identified the +5 storm dragon scales "Temnejea" {+Inv
                  | rElec rF+ Int-2}
 39772 | Crypt:1  | Entered Level 1 of the Crypt
 39772 | Crypt:1  | Noticed Xtahua
 39776 | Crypt:1  | Killed Xtahua
 40142 | Crypt:1  | Found a basalt altar of Yredelemnul.
 41058 | Crypt:2  | Noticed Grunn
 41070 | Crypt:2  | Killed Grunn
 41255 | Crypt:2  | Found a runed translucent gate.
 41255 | Crypt:2  | Found a runed translucent gate.
 41255 | Crypt:2  | Found a runed translucent gate.
 41331 | Crypt:2  | Identified the ring "Vaxetema" {rF++ Will- rCorr Str+2}
 41653 | Crypt:2  | Noticed Beach's ghost (veteran GrFi)
 41655 | Crypt:2  | Found an iron altar of Okawaru.
 41725 | Crypt:2  | Killed Beach's ghost
 41783 | Crypt:3  | Entered Level 3 of the Crypt
 41950 | Crypt:3  | Found a staircase to the Tomb.
 42351 | Crypt:3  | Reached XP level 24. HP: 245/245 MP: 22/22
 42430 | Crypt:3  | Found an ancient bone altar of Kikubaaqudgha.
 42436 | Crypt:3  | Noticed an ancient lich
 42445 | Crypt:3  | Killed an ancient lich
 42988 | Slime:1  | Entered Level 1 of the Pits of Slime
 43241 | Slime:5  | Entered Level 5 of the Pits of Slime
 43615 | Slime:5  | Noticed the Royal Jelly
 43623 | Slime:5  | Killed the Royal Jelly
 43676 | Slime:5  | Identified the +10 rapier "Giuwizas" {elec, Contam rF+
                  | rN+++}
 43689 | Slime:5  | Got a humming book
 43701 | Slime:5  | Identified the +3 scimitar of Ointment {vamp, Str+4}
 43704 | Slime:5  | Got a slimy rune of Zot
 43716 | Slime:5  | Identified the +9 flail of the Enchanted Forest {drain,
                  | *Corrode rC+ Dex+2 SInv}
 43750 | Slime:5  | Identified the staff "Sicor" {rElec rCorr Str+3 Int+2 Air}
 44108 | Zot:1    | Entered Level 1 of the Realm of Zot
 44665 | Zot:2    | Noticed Parghit
 44679 | Zot:2    | Killed Parghit
 45225 | Zot:2    | Identified the +5 falchion of the End {flame, *Rage rF+
                  | SInv}
 45628 | Zot:3    | Reached XP level 25. HP: 205/257 MP: 16/22
 47312 | Vaults:5 | Entered Level 5 of the Vaults
 47461 | Vaults:5 | Found Bywyar's Antique Weapon Shoppe.
 47477 | Vaults:5 | Identified the +1 robe "Qawuih" {*Corrode Dex+5 SInv}
 47649 | Vaults:5 | Identified the +1 scimitar of Pierainasa {freeze, *Slow
                  | rPois Str+3 Int+2}
 47649 | Vaults:5 | Identified the amulet of Lesehuts {Reflect Int+3 SH+5}
 47695 | Vaults:5 | Identified the +3 trident of Understanding {drain, Will+}
 47706 | Vaults:5 | Identified the +1 war axe "Bokkog" {venom, Dex+4}
 47707 | Vaults:5 | Identified the +5 ring mail "Cuoxeal" {rF+}
 47724 | Vaults:5 | Got a lithographed book
 47882 | Vaults:5 | Reached XP level 26. HP: 270/270 MP: 22/22
 47913 | Vaults:5 | Got a silver rune of Zot
 48011 | Vaults:5 | Identified the +0 quarterstaff "Mitre" {drain, rPois Str-5
                  | Dex+7 Stlth+}
 48014 | Vaults:5 | Identified the +5 plate armour of the Planets {Regen+ Int-3
                  | SInv}
 49113 | Zig:1    | Entered Level 1 of a ziggurat
 49129 | Zig:1    | Got a fuliginous book
 49132 | Zig:2    | Entered Level 2 of a ziggurat
 49154 | Zig:3    | Entered Level 3 of a ziggurat
 49184 | Zig:3    | Reached XP level 27. HP: 280/280 MP: 21/22
 49192 | Zig:4    | Entered Level 4 of a ziggurat
 49195 | Zig:4    | Found the +6 Majin-Bo {spellvamp, MP+6 Int+6}
 49204 | Zig:4    | Identified the +0 ring mail of Dawn {rElec Will- Regen+
                  | Dex+8}
 49212 | Zig:5    | Entered Level 5 of a ziggurat
 49261 | Zig:6    | Entered Level 6 of a ziggurat
 49299 | Zig:6    | Identified the +5 morningstar of Supply {heavy, rF+ rCorr
                  | Str+3 Dex-2}
 49317 | Zig:7    | Entered Level 7 of a ziggurat
 49323 | Zig:7    | Noticed a dread lich
 49324 | Zig:7    | Noticed a dread lich
 49330 | Zig:7    | Killed a dread lich
 49338 | Zig:7    | Killed a dread lich
 49344 | Zig:7    | Identified the +6 war axe "Giuqufaj" {vamp, *Rage rF+
                  | Dex+2}
 49350 | Zig:7    | Identified the +4 mace of the Trees {spect, Dex+3}
 49368 | Zig:8    | Entered Level 8 of a ziggurat
 49449 | Zig:9    | Entered Level 9 of a ziggurat
 49490 | Zig:9    | Identified the +1 pair of gloves "Jigawoj" {Regen+ Int+7
                  | Slay+2}
 49495 | Zig:9    | Got a worn book
 49498 | Zig:9    | Identified the +3 chain mail of Gozag's Condemnation {Dex+3
                  | Stlth+}
 49516 | Zig:9    | Reached skill level 10 in Evocations
 49614 | Pan      | Entered Pandemonium
 49929 | Pan      | Noticed Ysixzudi the pandemonium lord
 49933 | Pan      | Killed Ysixzudi the pandemonium lord
 50015 | Pan      | Noticed Xare Emn the pandemonium lord
 50109 | Pan      | Killed Xare Emn the pandemonium lord
 50521 | Pan      | Got a demonic rune of Zot
 50532 | Pan      | Entered the realm of Lom Lobon.
 51013 | Pan      | Noticed Lom Lobon
 51018 | Pan      | Killed Lom Lobon
 51035 | Pan      | Got a magical rune of Zot
 51266 | Pan      | Upgraded the game from 0.31-a0-867-g9b2fd80f0c to
                  | 0.31-a0-870-g10ed682358
 51331 | Pan      | Got a quavering book
 51364 | Pan      | Entered the realm of Mnoleg.
 51423 | Pan      | Paralysed by a floating eye for 3 turns
 51491 | Pan      | Noticed Mnoleg
 51508 | Pan      | Killed Mnoleg
 51521 | Pan      | Got a glowing rune of Zot
 51827 | Pan      | Found an exit through the horrors of the Abyss.
 51874 | Pan      | Entered the realm of Gloorx Vloq.
 52272 | Pan      | Found an exit through the horrors of the Abyss.
 52863 | Pan      | Noticed Gloorx Vloq
 52865 | Pan      | Killed Gloorx Vloq
 52865 | Pan      | Reached skill level 27 in Shapeshifting
 52873 | Pan      | Got a dark rune of Zot
 52982 | Pan      | Entered the realm of Cerebov.
 52992 | Pan      | Found the +6 sword of Cerebov {flame}
 52992 | Pan      | Noticed Cerebov
 53334 | Pan      | Identified the +8 battleaxe of Riugatok {heavy, Fly}
 53435 | Pan      | Reached skill level 27 in Unarmed Combat
 53441 | Pan      | Found an exit through the horrors of the Abyss.
 53628 | Pan      | Identified the +3 robe of the Tanner {Rampage rPois}
 53692 | Pan      | Identified the staff "Lityvam" {Fly rElec MP+9 Int-5 Conj}
 53747 | Pan      | Killed Cerebov
 53770 | Pan      | Got a fiery rune of Zot
 53828 | Pan      | Identified the +4 quarterstaff of Zisouz {freeze, rPois}
 53891 | Pan      | Took an exit into the Abyss.
 53891 | Abyss:1  | Escaped into the Abyss
 53971 | Abyss:2  | Found a hazy altar of Hepliaklqana.
 53976 | Abyss:2  | Found a hazy altar of Hepliaklqana.
 53976 | Abyss:2  | Found a hazy altar of Hepliaklqana.
 54184 | Abyss:3  | Got an abyssal rune of Zot
 54236 | Abyss:3  | Found a corrupted altar of Lugonu.
 54247 | Depths:2 | Escaped the Abyss
 54347 | Hell     | Entered the Vestibule of Hell
 54347 | Hell     | Noticed Geryon
 54355 | Hell     | Killed Geryon
 54359 | Hell     | Reached skill level 10 in Dodging
 54483 | Hell     | Found a gateway to the ashen valley of Gehenna.
 54546 | Hell     | Found a gateway to the freezing wastes of Cocytus.
 54587 | Coc:1    | Entered Level 1 of Cocytus
 54856 | Coc:2    | Noticed a dread lich
 54867 | Coc:2    | Killed a dread lich
 55154 | Coc:7    | Entered Level 7 of Cocytus
 55265 | Coc:7    | Paralysed by a wendigo for 1 turns
 55269 | Coc:7    | Reached skill level 1 in Armour
 55276 | Coc:7    | Paralysed by a wendigo for 1 turns
 55291 | Coc:7    | Paralysed by a wendigo for 1 turns
 55301 | Coc:7    | Paralysed by a wendigo for 1 turns
 55321 | Coc:7    | Paralysed by a wendigo for 1 turns
 55369 | Coc:7    | Paralysed by a wendigo for 1 turns
 55451 | Coc:7    | Noticed Antaeus
 55482 | Coc:7    | Killed Antaeus
 55486 | Coc:7    | Paralysed by a wendigo for 1 turns
 55539 | Coc:7    | Got an icy rune of Zot
 55570 | Coc:7    | Identified the +0 short sword of the Beginning {heavy,
                  | Fragile rC++}
 55572 | Coc:7    | Got a weird book
 55708 | Hell     | Found a gateway to the Iron City of Dis.
 55773 | Hell     | Found a gateway to the decaying netherworld of Tartarus.
 55782 | Tar:1    | Entered Level 1 of Tartarus
 56051 | Tar:2    | Reached skill level 5 in Armour
 56292 | Tar:4    | Found a huge runed gate.
 56292 | Tar:4    | Found a huge runed gate.
 56292 | Tar:4    | Found a huge runed gate.
 56292 | Tar:4    | Found a huge runed gate.
 56292 | Tar:4    | Found a huge runed gate.
 56292 | Tar:4    | Found a huge runed gate.
 56292 | Tar:4    | Found a huge runed gate.
 56292 | Tar:4    | Found a huge runed gate.
 56292 | Tar:4    | Found a huge runed gate.
 56294 | Tar:4    | Found a huge runed gate.
 56328 | Tar:4    | You fall into a shaft and drop 2 floors!
 56546 | Tar:7    | Entered Level 7 of Tartarus
 56872 | Tar:7    | Found the +4 robe of Folly {Brill Will-∞ Int+8}
 56994 | Tar:7    | Found the +8 autumn katana {manifold assault}
 57033 | Tar:7    | Got a droning book
 57170 | Tar:7    | Identified the staff of the Shimmering Vulture {rElec rF++
                  | Int+4 Conj}
 57184 | Tar:7    | Found the +1 cloak of Starlight {*Dazzle EV+4 Stlth--}
 57210 | Tar:7    | Identified the staff "Anuvuy" {rElec rCorr Str+2 Air}
 57935 | Tar:7    | Noticed Ereshkigal
 57946 | Tar:7    | Killed Ereshkigal
 57991 | Tar:7    | Got a bone rune of Zot
 58049 | Tar:7    | Reached skill level 10 in Armour
 58145 | Dis:1    | Entered Level 1 of the Iron City of Dis
 58760 | Dis:4    | You fall into a shaft and drop 2 floors!
 58884 | Dis:7    | Entered Level 7 of the Iron City of Dis
 59016 | Dis:7    | Noticed a juggernaut
 59028 | Dis:7    | Killed a juggernaut
 59122 | Dis:7    | Noticed a juggernaut
 59133 | Dis:7    | Killed a juggernaut
 59177 | Dis:7    | Noticed a juggernaut
 59179 | Dis:7    | Noticed the Serpent of Hell
 59182 | Dis:7    | Killed a juggernaut
 59184 | Dis:7    | Killed the Serpent of Hell
 59210 | Dis:7    | Noticed Dispater
 59220 | Dis:7    | Killed Dispater
 59236 | Dis:7    | Got an iron rune of Zot
 59240 | Dis:7    | Identified the +2 spear of Tension {freeze, Int-4 SInv
                  | Stlth+}
 59380 | Geh:1    | Entered Level 1 of Gehenna
 59861 | Geh:5    | Found a corrupted altar of Lugonu.
 59878 | Geh:5    | Noticed an ancient lich
 60111 | Geh:7    | Entered Level 7 of Gehenna
 60180 | Geh:7    | Reached skill level 15 in Dodging
 60362 | Geh:7    | Identified the +0 robe of Nice Leaves {-Cast Harm Regen+}
 60529 | Geh:7    | Found the +13 sceptre of Asmodeus
 60529 | Geh:7    | Noticed Asmodeus
 60543 | Geh:7    | Killed Asmodeus
 60564 | Geh:7    | Got an obsidian rune of Zot
 61146 | Tomb:1   | Entered Level 1 of the Tomb of the Ancients
 61514 | Tomb:1   | Noticed a royal mummy
 61518 | Tomb:1   | Noticed a royal mummy
 61523 | Tomb:1   | Killed a royal mummy
 61529 | Tomb:1   | Killed a royal mummy
 61600 | Tomb:1   | Identified the +7 battleaxe "Mumaokor" {heavy, rF+ rC++
                  | Str+3 Dex+3}
 61726 | Tomb:2   | Noticed a royal mummy
 61728 | Tomb:2   | Noticed a royal mummy
 61735 | Tomb:2   | Noticed a royal mummy
 61737 | Tomb:2   | Noticed a royal mummy
 61737 | Tomb:2   | Killed a royal mummy
 61738 | Tomb:2   | Noticed a royal mummy
 61741 | Tomb:2   | Killed a royal mummy
 61747 | Tomb:2   | Killed a royal mummy
 61748 | Tomb:2   | Killed a royal mummy
 61755 | Tomb:2   | Killed a royal mummy
 61833 | Tomb:1   | Noticed a royal mummy
 61835 | Tomb:1   | Noticed a royal mummy
 61838 | Tomb:1   | Noticed a royal mummy
 61839 | Tomb:1   | Killed a royal mummy
 61839 | Tomb:1   | Killed a royal mummy
 61841 | Tomb:1   | Killed a royal mummy
 61857 | Tomb:1   | Noticed a royal mummy
 61858 | Tomb:1   | Noticed a royal mummy
 61863 | Tomb:1   | Killed a royal mummy
 61867 | Tomb:1   | Killed a royal mummy
 61886 | Tomb:1   | Noticed a royal mummy
 61889 | Tomb:1   | Killed a royal mummy
 61891 | Tomb:1   | Noticed a royal mummy
 61894 | Tomb:1   | Killed a royal mummy
 61903 | Tomb:1   | Noticed a royal mummy
 61903 | Tomb:1   | Noticed a royal mummy
 61904 | Tomb:1   | Noticed a royal mummy
 61908 | Tomb:1   | Killed a royal mummy
 61908 | Tomb:1   | Killed a royal mummy
 61910 | Tomb:1   | Killed a royal mummy
 61915 | Tomb:1   | Noticed a royal mummy
 61920 | Tomb:1   | Killed a royal mummy
 61941 | Tomb:1   | Noticed a royal mummy
 61948 | Tomb:1   | Noticed a royal mummy
 61948 | Tomb:1   | Killed a royal mummy
 61953 | Tomb:1   | Killed a royal mummy
 62072 | Tomb:3   | Entered Level 3 of the Tomb of the Ancients
 62141 | Tomb:3   | Noticed a royal mummy
 62146 | Tomb:3   | Noticed a royal mummy
 62158 | Tomb:3   | Noticed a royal mummy
 62160 | Tomb:3   | Noticed a royal mummy
 62168 | Tomb:3   | Killed a royal mummy
 62172 | Tomb:3   | Noticed a royal mummy
 62172 | Tomb:3   | Killed a royal mummy
 62173 | Tomb:3   | Noticed a royal mummy
 62178 | Tomb:3   | Killed a royal mummy
 62182 | Tomb:3   | Killed a royal mummy
 62184 | Tomb:3   | Noticed a royal mummy
 62198 | Tomb:3   | Killed a royal mummy
 62206 | Tomb:3   | Killed a royal mummy
 62209 | Tomb:3   | Killed a royal mummy
 62294 | Tomb:3   | Got a golden rune of Zot
 62982 | Zot:5    | Entered Level 5 of the Realm of Zot
 63334 | Zot:5    | Noticed an ancient lich
 63336 | Zot:5    | Noticed an ancient lich
 63344 | Zot:5    | Noticed an orb of fire
 63347 | Zot:5    | Killed an ancient lich
 63349 | Zot:5    | Noticed an ancient lich
 63350 | Zot:5    | Noticed an orb of fire
 63351 | Zot:5    | Killed an orb of fire
 63352 | Zot:5    | Killed an ancient lich
 63353 | Zot:5    | Killed an orb of fire
 63356 | Zot:5    | Killed an ancient lich
 63378 | Zot:5    | Noticed an orb of fire
 63381 | Zot:5    | Noticed an orb of fire
 63385 | Zot:5    | Killed an orb of fire
 63385 | Zot:5    | Killed an orb of fire
 63409 | Zot:5    | Noticed an ancient lich
 63418 | Zot:5    | Got the Orb of Zot
 63422 | Zot:5    | Killed an ancient lich
 63888 | D:2      | Noticed Alirust the pandemonium lord
 63897 | D:2      | Killed Alirust the pandemonium lord
 63898 | D:2      | Reached skill level 27 in Fighting
 64009 | D:$      | Escaped with the Orb!

Illustrated notes

Levels and vault maps discovered:
D:1:      psy_arrival_radial01, layout_basic, chequers_serial_rivers_small_3
D:2:      cheibrodos_greedy_goblins, layout_basic, serial_bayou_pond_b,
          uniq_crazy_yiuf_cottage
D:3:      layout_basic, lemuel_doored_altar, nrook_loot_triangle,
          serial_bayou_pond_c
D:4:      layout_loops_ring, temple_doors_e, hex_large
D:5:      layout_basic, corexii_item_surrounded_by_moat
D:6:      layout_rooms, tso_metal_star
D:7:      minmay_clustersquares, layout_loops_ring, vehumet_statue,
          mainiacjoe_overflow_paths, minmay_statues_item, uniq_joseph
D:8:      layout_cave_pods, mainiacjoe_overflow_catwalk_spiral, uniq_jeremiah,
          uniq_amaemon
D:9:      layout_small_grid, nicolae_eternal_life
D:10:     layout_long_grid, enter_bailey_1, uniq_snorg
D:11:     regret_index_bee_streams, layout_basic, due_lair_maze_entry_diamond,
          uniq_psyche
D:12:     layout_long_grid, hiddenorc1_lemuel
D:13:     layout_rooms, grunt_vaults_entry_tiered
D:14:     layout_stronghold, fedhas_altar_2, grunt_decor_cap,
          yredelemnul_altar_generic, uniq_kirke
D:15:     gammafunk_enter_depths_forms, layout_irregular_city, serial_shops,
          nicolae_shop_waterfront, gauntlet_entry_generic,
          minmay_misc_feat_square
Temple:   nicolae_temple_bog_church
Lair:1:   layout_chaotic_city
Lair:2:   layout_big_grid, nicolae_swamp_entry_splash_gauntlet,
          nicolae_spider_entry_tight_spaces, infiniplex_staircase_pool
Lair:3:   wad_woods_04, layout_long_grid, serial_bayou_ford_a,
          serial_bayou_lagoon_a
Lair:4:   layout_layer_cave, nicolae_slime_entry_field_trip,
          gammafunk_ghost_wrathful_warriors
Lair:5:   minmay_lair_end_frog_pond, layout_loops_ring
Swamp:1:  layout_falls_marsh, serial_swamp_ruin, evilmike_swamp_ruin_house_1,
          evilmike_swamp_ruin_house_6, swamp_pool2, hangedman_swamp_diagram
Swamp:2:  layout_falls_marsh, nicolae_swamp_oxbows
Swamp:3:  layout_falls_marsh, hangedman_swamp_pad
Swamp:4:  swamp_basic_johnstein, layout_basic_swamp, swamp_pool3,
          nicolae_swamp_fairy_circle, nicolae_swamp_baby_hydras,
          uniq_bai_suzhen, uniq_nikola, uniq_aizul
Spider:1: layout_spider_delve
Spider:2: layout_spider_delve
Spider:3: layout_spider_delve
Spider:4: grunt_spider_rune_parallel, uniq_mara
Slime:1:  layout_caves
Slime:2:  cheibrodos_slime_lost_civilization_10, layout_caves
Slime:3:  layout_caves, uniq_dissolution
Slime:4:  layout_caves
Slime:5:  slime_pit_nicolae_royal_road_to_ruin
Orc:1:    layout_caves
Orc:2:    grunt_orc_cross, layout_caves, serial_shops, shop
Elf:1:    minmay_elf_arrival_summoners, layout_loops_cross, serial_shops,
          nicolae_shop_tiny_waterfront, eino_tiny_chamber
Elf:2:    elven_hall_of_blades_hangedman_alternative [nicolae_blade_lattice],
          layout_gridlike, serial_shops, nicolae_shop_mannequins,
          minmay_shop_star, uniq_saint_roka
Elf:3:    minmay_elf_hall_x, layout_geoelf_grid,
          ploomutoo_gammafunk_ghost_potion_laboratory
Vaults:1: nicolae_vaults_little_ls, v_misc_32, nicolae_vaults_six-pack,
          nicolae_vaults_closet_pinwheel_5, vaults_standard_mumra_lines,
          nicolae_vaults_turnstiles, nicolae_vaults_trapezoid_lopsided_4,
          ontoclasm_vaults_fault, vaults_room_grunt_arrival_ludios,
          ontoclasm_vaults_pinch, nicolae_vaults_double_plus_1,
          vaults_dpeg_cross, layout_vaults_omnigrid
Vaults:2: gammafunk_ghost_cemetery, nicolae_vaults_corpse_flower,
          hangedman_vaults_stagger, nicolae_vaults_heist, v_misc_11,
          hangedman_vaults_slither, ontoclasm_vaults_loading_screen,
          nicolae_vaults_little_squares_4, layout_vaults_ring, uniq_asterion
Vaults:3: hangedman_vaults_snaps, nicolae_vaults_little_squares_2,
          grunt_vaults_funnel, st_squares, blue_anna_dwarven_crypt,
          nicolae_vaults_little_squares_4, v_alt_pattern_4,
          nicolae_vaults_tetromino_T_1, v_rooms_4, grunt_vaults_twisty,
          nicolae_vaults_tetromino_T_1, ontoclasm_vaults_eye,
          nicolae_vaults_puzzle_piece, v_misc_22, v_misc_13,
          ontoclasm_vaults_gateway, vaults_room_pool,
          nicolae_vaults_double_plus_2, layout_vaults_maze
Vaults:4: nicolae_vaults_closet_pinwheel_6, dpeg_vaults_monster_row,
          nicolae_vaults_tetromino_L_2, nicolae_vaults_statue_guard,
          nicolae_vaults_theta, nicolae_vaults_offset_grid_hallway_4,
          hangedman_vaults_slice, nicolae_vaults_taking_the_gang_shopping,
          v_misc_17, nicolae_vaults_tetromino_L_1, layout_vaults_big_room,
          serial_shops, nicolae_shop_behind_doors, uniq_frederick
Vaults:5: serial_shops
Crypt:1:  layout_gridlike, basic_altar, nicolae_crypt_soggy_tomb,
          minmay_misc_feat_pillars, grunt_ministairs_13, uniq_xtahua
Crypt:2:  layout_regular_city, gammafunk_ghost_fury_of_okawaru, uniq_grunn
Crypt:3:  cryptofortress_bobbens
Tomb:1
Tomb:2
Tomb:3
Depths:1: layout_twisted_cross, serial_shops, kennysheep_little_box,
          grunt_hell_entry_dis_old, nicolae_concentric_dashed_squares_wild,
          gammafunk_ghost_ooze, zin_angel
Depths:2: kennysheep_blocky_room, layout_cave_shapes, enter_ziggurat_f,
          rand_demon_pan_entry_9, pf_hell_entry_tar_river,
          chequers_serial_rivers_large_b, minmay_shoptagon,
          infiniplex_staircase_pool_lava
Depths:3: evilmike_halls_of_destruction, layout_basic, lemuel_tele_altar,
          hellmouth_3, abyss_entry_flame_altar
Depths:4: evilmike_zot_entry_argh, layout_cave_pools,
          nemelex_lonely_heart_becter, hell_entry, enter_trove_0,
          nicolae_shop_sticking_my_neck_out, minmay_shop_grove
Hell
Dis:1:    layout_gridville, nicolae_dis_emergency_hatch
Dis:2:    layout_regular_city
Dis:3:    layout_jigsaw
Dis:4:    layout_regular_city
Dis:6:    layout_gridville, nicolae_dis_grated_feature
Dis:7:    dis_grunt_layers
Geh:1:    layout_gehenna_pools_triple, lemuel_flamethrower_2
Geh:2:    nicolae_geh_erupted_tower, layout_gehenna_lava_caves
Geh:3:    layout_gehenna_pools_triple, gehenna_fire_generator,
          hangedman_gehenna_grave_pits
Geh:4:    layout_gehenna_pools_basic
Geh:5:    layout_gehenna_pools_triple, lemuel_hellish_altar
Geh:6:    layout_gehenna_pools_basic
Geh:7:    geh_hangedman
Coc:1:    layout_ice_bergs
Coc:2:    layout_ice_bergs
Coc:3:    layout_ice_bergs
Coc:4:    layout_cocytus_water_paths
Coc:5:    layout_ice_bergs
Coc:6:    layout_cocytus_water_paths
Coc:7:    coc_old
Tar:1:    layout_grid_maze
Tar:2:    layout_grid_maze, nicolae_tar_cuneiform_bird,
          nicolae_tar_cuneiform_oil
Tar:3:    layout_honeycomb, nicolae_tar_four_comb_rooms
Tar:4:    layout_honeycomb, nicolae_tar_cuneiform_sun, door_vault
Tar:6:    layout_cathedral_of_symmetry, nicolae_tar_cuneiform_to_be
Tar:7:    tar_mu [tar_mu_maze]
Zot:1:    layout_misc_corridors
Zot:2:    layout_gridlike, grunt_megastairs_3, uniq_parghit
Zot:3:    layout_cellular_growth
Zot:4:    layout_twisted_circle, st_stairs_11
Zot:5:    layout_basic, st_stairs_4, nicolae_lava_and_water,
          nicolae_zot_crop_circle

Skill      XL: |  1  2  3  4  5  6  7  8  9 10 11 12 13 14 15 16 17 18 19 20 21 22 23 24 25 26 27 |
---------------+----------------------------------------------------------------------------------+-----
Shields        | 3 4 5 6 7 8 9 10 11 12 13 14 15 16 23 | 23.3
Unarmed Combat | 3 4 5 6 8 10 11 13 14 16 17 19 20 21 22 23 24 25 26 27 | 27.0
Fighting       | 3 4 5 6 7 8 9 10 11 12 13 14 15 16 17 27 | 27.0
Dodging        | 3 5 6 7 8 9 16 | 16.6
Shapeshifting  | 9 10 11 12 13 14 17 20 23 24 27 | 27.0
Evocations     | 2 4 5 8 9 13 | 13.3
Armour         | 13 | 13.3

Action                     |  1- 3 |  4- 6 |  7- 9 | 10-12 | 13-15 | 16-18 | 19-21 | 22-24 | 25-27 || total
---------------------------+-------+-------+-------+-------+-------+-------+-------+-------+-------++-------
  Melee: Unarmed           |   100 |   141 |   251 |   623 |  1320 |  1372 |  1612 |  1829 |  5136 || 12384
         Maw               |       |       |       |       |     5 |   299 |       |       |       ||   304
  Throw: Stone             |     8 |    12 |    14 |    56 |    13 |       |       |       |       ||   103
         Dart              |       |       |    11 |    17 |       |     2 |       |       |       ||    30
         Boomerang         |       |       |       |     1 |    40 |       |       |       |       ||    41
         Large rock        |       |       |       |     3 |    28 |   107 |    25 |     2 |   125 ||   290
 Invoke: Serpent's Lash    |       |       |       |     9 |    15 |    23 |    17 |    11 |    31 ||   106
         Heavenly Storm    |       |       |       |       |     1 |     1 |     1 |     1 |     8 ||    12
Ability: Lunge             |       |    15 |    27 |    65 |   137 |   191 |   175 |   197 |   497 ||  1304
         Whirlwind         |       |       |    33 |   178 |   483 |   501 |   648 |   684 |  2161 ||  4688
         Wall Jump         |       |       |       |    10 |    31 |    43 |    13 |    19 |    53 ||   169
         Begin Untransform |       |       |       |       |       |     1 |       |       |    12 ||    13
  Evoke: Wand              |       |       |     3 |    24 |    21 |    22 |     5 |     3 |    38 ||   116
         Phial of floods   |       |       |       |     2 |       |     1 |     3 |       |       ||     6
         Phantom mirror    |       |       |       |       |     2 |     2 |     1 |     1 |     3 ||     9
         Lightning rod     |       |       |       |       |       |       |       |       |     2 ||     2
         Horn of Geryon    |       |       |       |       |       |       |       |       |     1 ||     1
    Use: Potion            |       |     1 |     1 |     4 |     2 |     6 |     4 |     7 |    18 ||    43
         Scroll            |       |     3 |     2 |    11 |    11 |    12 |     4 |    11 |    36 ||    90
   Stab: Sleeping          |       |       |     1 |     1 |     1 |     4 |       |       |       ||     7
         Invisible         |       |       |       |     7 |     2 |     3 |       |       |    27 ||    39
         Distracted        |       |       |       |       |       |     2 |       |       |     4 ||     6
         Confused          |       |       |       |       |       |     1 |       |       |       ||     1
         Paralysed         |       |       |       |       |       |       |     3 |       |     1 ||     4
 Armour: Robe              |    38 |    59 |    63 |   119 |   264 |       |       |       |       ||   543
         Skin              |       |       |       |       |    11 |   420 |       |       |       ||   431
         Storm dragon scal |       |       |       |       |       |   158 |   410 |   577 |   999 ||  2144
  Dodge: Dodged            |    20 |    37 |    66 |   207 |   270 |   275 |   213 |   267 |   534 ||  1889
  Block: Kite shield       |    41 |    48 |   121 |   307 |   433 |   494 |   478 |   548 |   547 ||  3017
         Reflection        |       |       |     1 |     8 |     1 |       |       |       |    33 ||    43
         Tower shield      |       |       |       |       |       |       |       |       |  1187 ||  1187
   Form: Maw               |       |       |       |       |     1 |     2 |       |       |       ||     3
                           |       |       |       |       |       |     1 |       |       |       ||     1
         Anaconda          |       |       |       |       |       |     1 |       |       |       ||     1
         Death             |       |       |       |       |       |       |       |     1 |    12 ||    13

Table legend: (Time is in decaauts)
 A = Elapsed time spent in this place.
 B = Non-inter-level travel time spent in this place.
 C = Inter-level travel time spent in this place.
 D = Time resting spent in this place.
 E = Time spent auto-exploring this place.
 F = Levels seen in this place.
 G = Mean time per level.
                   A        B        C        D        E       F      G
               +--------+--------+--------+--------+--------+-----+--------+
         Total |  63740 |  57456 |   6284 |   1683 |  27643 | 111 |  574.2 |
       Dungeon |  14243 |  12703 |   1540 |    397 |   7548 |  15 |  949.5 |
        Temple |     42 |      2 |     40 |      0 |      0 |   1 |   42.0 |
          Lair |   5096 |   4463 |    633 |    145 |   2933 |   5 | 1019.2 |
         Swamp |   3441 |   3297 |    144 |    156 |   1592 |   4 |  860.2 |
   Spider Nest |   3791 |   3488 |    303 |    102 |   1912 |   4 |  947.8 |
    Slime Pits |    862 |    743 |    119 |      0 |      0 |   5 |  172.4 |
  Orcish Mines |   1314 |   1165 |    149 |      0 |    726 |   2 |  657.0 |
   Elven Halls |   2747 |   2604 |    143 |     36 |   1435 |   3 |  915.7 |
        Vaults |   7261 |   5975 |   1286 |    135 |   3326 |   5 | 1452.2 |
         Crypt |   2923 |   2697 |    226 |     19 |   1308 |   3 |  974.3 |
          Tomb |   1317 |   1200 |    117 |     25 |     52 |   3 |  439.0 |
        Depths |   4953 |   4158 |    795 |    129 |   2003 |   4 | 1238.2 |
          Hell |    502 |    401 |    101 |      0 |      9 |   1 |  502.0 |
           Dis |   1162 |   1073 |     89 |    218 |     89 |   6 |  193.7 |
       Gehenna |   1295 |   1216 |     79 |     24 |    185 |   7 |  185.0 |
       Cocytus |   1087 |   1061 |     26 |     22 |    113 |   7 |  155.3 |
      Tartarus |   2246 |   2173 |     73 |     36 |    668 |   6 |  374.3 |
           Zot |   3574 |   3157 |    417 |     54 |   2022 |   5 |  714.8 |
         Abyss |    338 |    338 |      0 |      0 |    136 |   3 |  112.7 |
   Pandemonium |   4325 |   4325 |      0 |    163 |   1493 |  10 |  432.5 |
      Ziggurat |    368 |    368 |      0 |     10 |      5 |   9 |   40.9 |
         Trove |     49 |     49 |      0 |      0 |      0 |   1 |   49.0 |
        Bailey |    556 |    556 |      0 |     11 |     88 |   1 |  556.0 |
      Gauntlet |    238 |    238 |      0 |      0 |      0 |   1 |  238.0 |
               +--------+--------+--------+--------+--------+-----+--------+

Top non-repeatable levels by time:
Vaults:1: 1749 daAuts
Vaults:3: 1584 daAuts
Depths:2: 1559 daAuts
   Tar:7: 1480 daAuts
Vaults:5: 1477 daAuts
     D:8: 1384 daAuts
Spider:4: 1364 daAuts
    D:11: 1354 daAuts
Vaults:2: 1339 daAuts
Depths:3: 1312 daAuts
  Lair:2: 1252 daAuts
Depths:1: 1246 daAuts
    D:14: 1238 daAuts
 Swamp:4: 1238 daAuts
    D:13: 1134 daAuts
